 Seeded DCSS version 0.25.1-8-g42b30a86e7 (webtiles) character file.

Game seed: 20201210 (custom seed)

29762 radhat240 the Severer (level 13, -7/118 HPs)
             Began as a Minotaur Fighter on Dec 10, 2020.
             Was the Champion of Makhleb.
             Mangled by a sun demon (10 damage)
             ... summoned by an orc high priest
             ... on level 2 of the Orcish Mines on Dec 11, 2020.
             The game lasted 01:08:11 (11406 turns).

radhat240 the Severer (Minotaur Fighter)           Turns: 11406, Time: 01:08:12

Health: -7/118     AC: 31    Str: 33    XL:     13   Next: 16%
Magic:  12/12      EV:  7    Int:  1    God:    Makhleb [******]
Gold:   673        SH:  0    Dex: 12    Spells: 12/12 levels left

rFire    . . .     SeeInvis .   N - +5 battleaxe of Karma {speed, rElec rN+}
rCold    . . .     Gourm    .   (shield currently unavailable)
rNeg     + + .     Faith    .   p - +3 crystal plate armour
rPois    .         Spirit   .   (helmet restricted)
rElec    +         Reflect  .   i - scarf {+Inv}
rCorr    .         Harm     .   e - +0 pair of gloves "Riza Tes" {rN+ Str+3 Int-4}
MR       .....                  k - +0 pair of boots
Stlth    ..........             l - amulet of regeneration
HPRegen  0.69/turn              v - +6 ring of strength
MPRegen  0.13/turn              M - +4 ring of protection

@: lethally poisoned (-7 -> -8), lightly drained
A: retaliatory headbutt, hooves 1, horns 2, blurry vision 1, mutation resistance
1
a: Minor Destruction, Lesser Servant of Makhleb, Major Destruction, Greater
Servant of Makhleb, Renounce Religion, Evoke Invisibility


You were on level 2 of the Orcish Mines.
You worshipped Makhleb.
Makhleb was exalted by your worship.
You were not hungry.

You visited 3 branches of the dungeon, and saw 14 of its levels.
You also visited: Sewer and Bailey.

You collected 1105 gold pieces.
You spent 432 gold pieces at shops.

Inventory:

Hand Weapons
 a - a +0 war axe
 j - a +4 broad axe of draining
 y - a +5 vampiric war axe
 G - a +0 broad axe
 N - the +5 battleaxe of Karma (weapon) {speed, rElec rN+}
   (You bought it in a shop on level 1 of the Orcish Mines)

   Attacks with this weapon are significantly faster.
   It insulates you from electricity.
   It protects you from negative energy.
 P - a +4 vampiric war axe
Missiles
 L - 61 arrows
Armour
 b - a +0 scale mail
 c - a +0 kite shield
 e - the +0 pair of gloves "Riza Tes" (worn) {rN+ Str+3 Int-4}
   (You acquired it in a bailey)

   It affects your strength (+3).
   It affects your intelligence (-4).
   It protects you from negative energy.
 i - a scarf of invisibility (worn)
 k - a +0 pair of boots (worn)
 p - a +3 crystal plate armour (worn)
 q - a +0 pair of gloves
 u - a +4 plate armour
 J - a cursed -2 helmet
Jewellery
 g - an uncursed ring of protection from fire
 l - an amulet of regeneration (around neck)
 m - an uncursed amulet of faith {unknown}
 r - the ring of Keihuv {MR++ MP+9}
   (You took it off an orc warrior in a bailey)

   [ring of magical power]

   It affects your resistance to hostile enchantments.
   It affects your magic capacity (+9).
 v - a +6 ring of strength (left hand)
 C - a cursed -4 ring of slaying
 H - an uncursed ring of see invisible
 M - a +4 ring of protection (right hand)
Wands
 w - a wand of random effects (13)
 I - a wand of polymorph (8)
Scrolls
 h - 3 scrolls of amnesia
 o - 3 scrolls of immolation
 s - 7 scrolls of remove curse
 t - 3 scrolls of teleportation
 B - a scroll of magic mapping
 F - 2 scrolls of identify
Potions
 d - 2 potions of might
 n - a potion of ambrosia
 x - 2 potions of heal wounds
 z - a potion of magic
 A - 3 potions of haste
 E - a potion of curing
 O - a potion of degeneration {unknown}
Comestibles
 f - 31 rations
 D - 13 chunks of flesh


   Skills:
 * Level 12.3(11.8) Fighting
 + Level 16.4(16.0) Axes
 * Level 11.7(11.3) Armour
 + Level 2.9(2.5) Dodging
 + Level 0.2(0.0) Stealth
 * Level 12.4(12.0) Shields
 + Level 0.1(0.0) Evocations


You had 12 spell levels left.
You didn't know any spells.
Your spell library contained the following spells:

 Spells                   Type           Power        Failure   Level  Hunger
 Animate Skeleton         Necr           N/A          100%        1    ##.....
 Apportation              Tloc           #.....       100%        1    ##.....
 Corona                   Hex            #......      100%        1    ##.....
 Summon Small Mammal      Summ           #...         100%        1    ##.....
 Passwall                 Tmut/Erth      #.......     100%        2    ###....
 Swiftness                Chrm/Air       #.......     100%        2    ###....
 Passage of Golubria      Tloc           N/A          100%        4    #####..
 Lee's Rapid Deconstruct  Erth           #.........   100%        5    ######.
 Darkness                 Hex            #.........   100%        6    #######
 Invisibility             Hex            #.......     100%        6    #######


Dungeon Overview and Level Annotations

Branches:
Dungeon (11/15)            Temple (1/1) D:6            Lair (0/6) D:9
    Orc (2/2) D:11            Elf (0/3) Orc:2         Sewer (visited)
 Bailey (visited)

Altars:
Ashenzari
Cheibriados
Dithmenos
Elyvilon
Fedhas
Gozag
Hepliaklqana
Kikubaaqudgha
Makhleb
Nemelex Xobeh
Okawaru
Ru
Sif Muna
Trog
Uskayaw
Vehumet
Wu Jian
Xom
Yredelemnul

Shops:
Orc:1 (


Innate Abilities, Weirdness & Mutations

You reflexively headbutt those who attack you in melee.
You have a pair of horns on your head.
You have large cloven feet.
Scrolls take you a little longer to read.
You are somewhat resistant to further mutation.


Message History

The orc warrior throws a boomerang.
The boomerang barely misses you.
The weapon returns to the orc warrior!
You feel sick.
The orc knight no longer looks unusually strong.
The orc knight shoots a bolt.
The bolt hits you but does no damage.
The orc warrior throws a boomerang.
The boomerang hits you but does no damage.
The weapon returns to the orc warrior!
You see here a bolt.
The orc sorcerer casts a spell.
The sun demon hits you but does no damage.
There is a staircase to the Elven Halls here.
The orc high priest no longer looks unusually strong.
The orc knight roars a battlecry!
The orcs go into a battle-frenzy!
The orc warlord hits you with a +0 battleaxe!!
* * * LOW HITPOINT WARNING * * *
The troll bites you but does no damage.
The troll claws you but does no damage. x2
The sun demon hits you!
You die...

...........#...#.#.###.#.#.#
.#.###........o....#.......
####........o.....#.......
#.....o................#
........ho.o............
#.......o.o.............
........4..............#
.......3oT...#..........
.......@34(o...........#
........T.............)#
..............3.........
..............)))).....#
..............)<)...<..#
..............))).......
................))......
...............)†......#
.................).....#


You could see an orc warlord (strong), 2 orc knights, 2 orc high priests, 2 sun
demons, 2 trolls, a sixfirhy (summoned), a chaos spawn (summoned), a warg, an
orc sorcerer (strong), a red devil (summoned) and 3 orc warriors.

Vanquished Creatures
  Gastronok (D:11)
  An orc warlord (Bailey)
  Harold (D:7)
  Erolcha (D:9)
  A hydra (D:11)
  Erica (D:9)
  An ogre mage (D:10)
  4 two-headed ogres
  A death yak (D:9)
  An orc high priest (Orc:2)
  An unseen horror (D:10)
  2 orc knights
  Pikel (D:5)
  A deep elf mage (D:10)
  2 orc sorcerers (Orc:2)
  Joseph (D:8)
  Psyche (D:9)
  3 centaur skeletons
  3 trolls
  A dream sheep (D:11)
  3 hippogriffs
  A vampire (D:11)
  A wraith (D:10)
  A shadow (D:11)
  A basilisk (D:9)
  24 yaks
  A steam dragon (D:11)
  2 hungry ghosts (D:11)
  2 wargs (Orc:2)
  A water moccasin (D:9)
  2 ice beasts
  32 orc warriors
  2 phantoms
  A black bear (D:7)
  7 ogres
  An eye of draining (D:11)
  A necrophage (D:11)
  4 centaurs
  4 crocodiles
  3 big kobolds (D:11)
  A wyvern zombie (D:10)
  9 bullfrogs
  A wyvern skeleton (D:10)
  3 scorpions
  A troll zombie (D:11)
  18 killer bees
  7 crimson imps
  2 centaur zombies (D:11)
  A jelly (D:5)
  3 quasits
  16 orc wizards
  7 hounds
  13 orc priests
  2 bullfrog skeletons
  A gnoll shaman (D:9)
  4 iguanas
  9 worker ants
  7 ogre zombies (D:11)
  13 gnolls
  12 adders
  A howler monkey skeleton (D:10)
  2 shadow imps
  An ooze (D:2)
  2 adder skeletons
  5 worms
  4 dart slugs
  6 leopard geckos
  63 orcs
  5 ball pythons (Sewer)
  6 bats (D:1)
  8 giant cockroaches
  23 goblins
  36 hobgoblins
  11 jackals
  8 frilled lizards
  A goblin skeleton (D:11)
  2 goblin zombies (D:11)
  A hobgoblin skeleton (D:11)
  3 hobgoblin zombies (D:11)
  12 kobolds
  A leopard gecko skeleton (D:5)
  A leopard gecko zombie (D:9)
  3 orc skeletons (D:11)
  15 orc zombies (D:11)
  12 rats
  A fungus (D:9)
  5 plants
491 creatures vanquished.

Vanquished Creatures (collateral kills)
  A dream sheep (D:11)
  A yak (D:11)
2 creatures vanquished.

Vanquished Creatures (others)
  6 fungi (Orc:2)
6 creatures vanquished.

Grand Total: 499 creatures vanquished

Notes
Turn   | Place    | Note
-------+----------+-------------------------------------------
     0 | D:1      | radhat240 the Minotaur Fighter began the quest for the Orb.
     0 | D:1      | Reached XP level 1. HP: 19/19 MP: 0/0
   140 | D:1      | Reached XP level 2. HP: 27/27 MP: 1/1
   231 | D:1      | Reached skill level 3 in Axes
   231 | D:1      | Reached XP level 3. HP: 15/33 MP: 2/2
   976 | D:2      | Reached XP level 4. HP: 40/40 MP: 3/3
  1201 | D:2      | Found a shadowy altar of Dithmenos.
  1205 | D:2      | Found a basalt altar of Yredelemnul.
  1205 | D:2      | Found a radiant altar of Vehumet.
  1517 | D:3      | Reached skill level 1 in Dodging
  1896 | D:3      | Reached XP level 5. HP: 46/47 MP: 4/4
  2236 | D:4      | Reached skill level 4 in Axes
  2242 | D:4      | Reached skill level 5 in Armour
  2774 | D:4      | Noticed a moth of wrath
  2777 | D:4      | Found a bloodstained altar of Trog.
  2888 | D:5      | Entered Level 5 of the Dungeon
  2928 | D:5      | Reached XP level 6. HP: 53/53 MP: 5/5
  2929 | D:5      | Reached skill level 5 in Fighting
  2968 | D:5      | Reached skill level 5 in Axes
  2982 | D:5      | Noticed an ice beast
  2992 | D:5      | Killed an ice beast
  2992 | D:5      | Reached skill level 5 in Shields
  2994 | D:5      | Reached XP level 7. HP: 55/61 MP: 6/6
  3019 | D:5      | Reached skill level 6 in Axes
  3162 | D:5      | Noticed Pikel
  3185 | D:5      | Killed Pikel
  3185 | D:5      | Reached skill level 7 in Axes
  3185 | D:5      | Reached XP level 8. HP: 37/70 MP: 7/7
  3783 | D:6      | Found a staircase to the Ecumenical Temple.
  3815 | D:6      | Found a glowing drain.
  3847 | Sewer    | Entered a sewer
  4542 | D:6      | Reached skill level 8 in Axes
  4667 | Temple   | Entered the Ecumenical Temple
  4683 | Temple   | Became a worshipper of Makhleb the Destroyer
  5002 | D:6      | Found a shattered altar of Ashenzari.
  5162 | D:6      | Found an ancient bone altar of Kikubaaqudgha.
  5510 | D:7      | Noticed a hippogriff
  5519 | D:7      | Killed a hippogriff
  5519 | D:7      | Reached skill level 9 in Axes
  5519 | D:7      | Reached XP level 9. HP: 78/78 MP: 8/8
  5815 | D:7      | Found a white marble altar of Elyvilon.
  5840 | D:7      | Found a sacrificial altar of Ru.
  6072 | D:7      | Noticed Harold
  6081 | D:7      | Killed Harold
  6081 | D:7      | Reached skill level 10 in Axes
  6385 | D:8      | Found a flagged portal.
  6385 | D:8      | Noticed a two-headed ogre
  6385 | D:8      | Noticed a two-headed ogre
  6397 | Bailey   | Entered a bailey
  6449 | Bailey   | Reached * piety under Makhleb
  6527 | Bailey   | Reached ** piety under Makhleb
  6674 | Bailey   | Noticed an orc knight
  6674 | Bailey   | Noticed an orc warlord
  6674 | Bailey   | Noticed an orc knight
  6803 | Bailey   | Reached skill level 11 in Axes
  6823 | Bailey   | Killed an orc knight
  6823 | Bailey   | Reached XP level 10. HP: 88/88 MP: 9/9
  6831 | Bailey   | Identified the ring of Keihuv {MR++ MP+9}
  6838 | Bailey   | Identified a scroll of acquirement
  6838 | Bailey   | Acquired the +0 pair of gloves "Riza Tes" {rN+ Str+3 Int-4}
  7013 | Bailey   | Killed an orc warlord
  7013 | Bailey   | Reached skill level 12 in Axes
  7111 | Bailey   | Acquired a +2 crystal plate armour
  7206 | D:8      | Killed a two-headed ogre
  7208 | D:8      | Noticed Joseph
  7210 | D:8      | Killed a two-headed ogre
  7217 | D:8      | Reached *** piety under Makhleb
  7234 | D:8      | Killed Joseph
  7234 | D:8      | Reached skill level 13 in Axes
  7270 | D:8      | Gained mutation: Scrolls take you a little longer to read.
                  | [potion of mutation]
  7270 | D:8      | Gained mutation: You have large cloven feet. [potion of
                  | mutation]
  7270 | D:8      | Gained mutation: You are somewhat resistant to further
                  | mutation. [potion of mutation]
  7568 | D:9      | Noticed Psyche
  7568 | D:9      | Noticed Erica
  7632 | D:9      | Reached XP level 11. HP: 95/95 MP: 10/10
  7700 | D:9      | Reached skill level 10 in Armour
  7700 | D:9      | Noticed Erolcha
  7729 | D:9      | Killed Erolcha
  7805 | D:9      | Killed Erica
  7823 | D:9      | Killed Psyche
  7823 | D:9      | Reached skill level 10 in Shields
  8249 | D:9      | Noticed a death yak
  8250 | D:9      | Reached skill level 14 in Axes
  8259 | D:9      | Killed a death yak
  8262 | D:9      | Found a staircase to the Lair.
  8335 | D:9      | Found a snail-covered altar of Cheibriados.
  8374 | D:9      | Reached **** piety under Makhleb
  8824 | D:10     | Entered Level 10 of the Dungeon
  9404 | D:10     | Noticed a deep elf mage
  9442 | D:10     | Killed a deep elf mage
  9518 | D:10     | Reached skill level 10 in Fighting
  9521 | D:10     | Reached skill level 15 in Axes
  9544 | D:10     | Killed an unseen horror
  9544 | D:10     | Reached XP level 12. HP: 106/106 MP: 11/11
  9552 | D:10     | Noticed an ogre mage
  9558 | D:10     | Killed an ogre mage
  9776 | D:11     | Reached ***** piety under Makhleb
  9920 | D:11     | Noticed a two-headed hydra
  9934 | D:11     | Killed a 12-headed hydra
 10051 | D:11     | Found a staircase to the Orcish Mines.
 10290 | D:11     | Noticed a two-headed ogre
 10303 | D:11     | Killed a two-headed ogre
 10407 | D:11     | Noticed Gastronok
 10421 | D:11     | Reached ****** piety under Makhleb
 10451 | D:11     | Killed Gastronok
 10451 | D:11     | Reached skill level 16 in Axes
 10840 | Orc:1    | Entered Level 1 of the Orcish Mines
 10840 | Orc:1    | Found Detay's Antique Weapon Shop.
 10846 | Orc:1    | Bought a brightly glowing battleaxe for 276 gold pieces
 10848 | Orc:1    | Identified the +5 battleaxe of Karma {speed, rElec rN+}
                  | (You bought it in a shop on level 1 of the Orcish Mines)
 10848 | Orc:1    | Bought a runed war axe for 156 gold pieces
 11179 | Orc:2    | Entered Level 2 of the Orcish Mines
 11211 | Orc:2    | Noticed an orc high priest
 11214 | Orc:2    | Reached XP level 13. HP: 86/117 MP: 12/12
 11274 | Orc:2    | Found a staircase to the Elven Halls.
 11369 | Orc:2    | Noticed an orc warlord
 11406 | Orc:2    | HP: 3/118 [orc warlord/+0 battleaxe (31)]
 11406 | Orc:2    | Mangled by a sun demon

Illustrated notes

Levels and vault maps discovered:
D:1:      dpeg_arrival_snail, layout_basic
D:2:      layout_basic, chequers_temple_overflow_statue_of_worship,
          minmay_hedge_maze, minmay_misc_feat_five
D:3:      layout_basic
D:4:      layout_loops_ring, tgw_trog, first_ration, minmay_distorted
D:5:      layout_basic, kennysheep_nub, minmay_fractal_squares_diagonal_5,
          uniq_pikel
D:6:      layout_loops_ring, kennysheep_mini_moat,
          minmay_temple_entry_overgrown, gup_sewer_entry_glass,
          cheibrodos_ashenzari_chains
D:7:      layout_layer_cave, nicolae_overflow_crystal_walls,
          lemuel_doored_altar, uniq_harold
D:8:      layout_rooms, enter_bailey_6, uniq_joseph
D:9:      layout_layer_cave, cheibriados_altar_1, david_lair_generic,
          uniq_psyche, uniq_erica, uniq_erolcha
D:10:     minmay_slanted_spiral_squares, layout_loops_ring
D:11:     layout_long_grid, zombieorc2_lemuel, hangedman_ranch
          [blue_anna_fruit_fields], uniq_gastronok
Temple:   eino_narrow_crystal_temple
Orc:1:    layout_caves, serial_shops, nicolae_shop_statue_plus
Orc:2:    grunt_orc_gardens, layout_caves, grunt_orc_garden, grunt_orc_garden,
          grunt_orc_garden, grunt_orc_garden, uniq_sonja

Skill      XL: |  1  2  3  4  5  6  7  8  9 10 11 12 13 |
---------------+----------------------------------------+-----
Fighting       | 4 5 6 7 8 10 11 12 | 12.3
Armour         | 4 5 6 7 8 9 10 11 | 11.7
Shields        | 4 5 7 8 9 11 12 | 12.4
Axes           | 3 4 5 7 9 11 13 15 16 | 16.4
Dodging        | 1 2 |  2.9
Stealth        | |  0.2
Evocations     | |  0.1

Action                   |  1- 3 |  4- 6 |  7- 9 | 10-12 | 13-15 || total
-------------------------+-------+-------+-------+-------+-------++-------
Melee: War axe           |    75 |   134 |   328 |   502 |       ||  1039
       Headbutt          |     5 |    25 |    83 |   145 |    10 ||   268
       Battleaxe         |       |       |       |    50 |    51 ||   101
Evoke: Wand              |       |       |       |     1 |       ||     1
  Use: Potion            |     2 |     1 |     5 |     2 |     1 ||    11
       Scroll            |       |     2 |    20 |    13 |       ||    35
  Eat: Chunk             |       |     7 |     7 |     8 |       ||    22
       Ration            |       |       |     2 |     3 |       ||     5
Armor: Scale mail        |    43 |    80 |    10 |       |       ||   133
       Plate armour      |       |       |   159 |     4 |       ||   163
       Crystal plate arm |       |       |       |   321 |    65 ||   386
Dodge: Dodged            |    36 |    52 |   117 |   120 |    26 ||   351
Block: Kite shield       |    40 |   107 |   203 |   345 |       ||   695
